 Dungeon Crawl Stone Soup version 0.32-a0-597-g8e3e136d6a (webtiles) character file.

Game seed: 14420388133563753066

12401 pokeman the Eclecticist (level 11, -5/63 HPs)
             Began as a Deep Elf Hedge Wizard on Mar 2, 2024.
             Was a Believer of Vehumet.
             Shot with a sling bullet by a minotaur (27 damage)
             ... in a Gauntlet.
             The game lasted 00:40:11 (15195 turns).

pokeman the Eclecticist (Deep Elf Hedge Wizard)    Turns: 15195, Time: 00:40:11

Health: -5/63      AC:  8    Str: 12    XL:     11   Next: 62%
Magic:  30/34      EV: 13    Int: 24    God:    Vehumet [**....]
Gold:   672        SH:  5    Dex: 14    Spells: 32/44 levels left

rFire   . . .        I - +0 short sword (venom)
rCold   + . .        (no shield)
rNeg    . . .        C - +1 robe {rC+}
rPois   .            v - +0 helmet
rElec   .            L - +0 cloak
rCorr   +            T - +0 pair of gloves of the Present {Str+5}
SInv    .            j - +0 pair of boots
Will    +....        H - amulet of reflection
Stlth   +++          M - ring of resist corrosion
HPRegen 0.30/turn    O - ring of wizardry
MPRegen 0.24/turn

%: no teleportation, reflection, wizardry (x1)
@: no status effects
A: no striking features
a: Renounce Religion


You were in a Gauntlet.
You worshipped Vehumet.
Vehumet was pleased with you.
You visited 2 branches of the dungeon, and saw 12 of its levels.
You also visited: Sewer and Gauntlet.

You collected 727 gold pieces.
You spent 55 gold pieces at shops.

Inventory:

Hand Weapons
 I - a +0 short sword of venom (weapon)
Missiles
 P - a curare-tipped dart
Armour
 j - a +0 pair of boots (worn)
 n - a +0 buckler
 v - a +0 helmet (worn)
 C - a +1 robe of cold resistance (worn)
 L - a +0 cloak (worn)
 T - the +0 pair of gloves of the Present (worn) {Str+5}
   (You found it in a Gauntlet)

   Str+5:     It affects your strength (+5).
Magical Staves
 S - the staff of Dominance {rElec rF++ rC+ rCorr Dex-3 Ice}
   (You found it in a Gauntlet)

   [staff of cold]

   Base accuracy: +5 Base damage: 5 Base attack delay: 1.2 This weapon's minimum
   attack delay (0.6) is reached at skill level 12.
   Dex-3:     It affects your dexterity (-3).
   rF++:      It greatly protects you from fire.
   rC+:       It protects you from cold.
   rElec:     It insulates you from electricity.
   rCorr:     It protects you from acid and corrosion.
   Ice:       It increases the power of your Ice spells.
   It falls into the 'Staves' category.
   It is a one-handed weapon.
Jewellery
 q - an amulet of guardian spirit
 H - an amulet of reflection (around neck)
 M - a ring of resist corrosion (left hand)
 O - a ring of wizardry (right hand)
Wands
 D - a wand of flame (21)
 J - a wand of warping (4)
 K - a wand of polymorph (4)
 Q - a wand of paralysis (4)
Scrolls
 b - 2 scrolls of revelation {unknown}
 f - 2 scrolls of fog {unknown}
 g - 2 scrolls of noise {unknown}
 h - 5 scrolls of enchant weapon {unknown}
 i - a scroll of torment {unknown}
 k - 2 scrolls of immolation {unknown}
 p - a scroll of blinking {unknown}
 s - 3 scrolls of fear {unknown}
 u - 9 scrolls of teleportation {unknown}
 y - 3 scrolls of amnesia {unknown}
 z - 3 scrolls of identify {unknown}
 B - 2 scrolls of vulnerability {unknown}
 G - 3 scrolls of enchant armour {unknown}
 N - a scroll of butterflies
Potions
 a - 2 potions of haste {unknown}
 c - a potion of resistance {unknown}
 d - a potion of magic
 e - a potion of lignification {unknown}
 m - 5 potions of attraction {unknown}
 o - 4 potions of curing
 r - a potion of brilliance {unknown}
 t - 3 potions of invisibility {unknown}
 w - 2 potions of might {unknown}
 x - 3 potions of heal wounds {unknown}
 A - a potion of mutation {unknown}
 E - 3 potions of cancellation {unknown}
 F - 2 potions of berserk rage {unknown}
Miscellaneous
 R - a condenser vane


   Skills:
 - Level 5.1 Fighting
 + Level 4.0 Armour
 - Level 3.0 Dodging
 - Level 4.0 Stealth
 - Level 3.0 Shields
 * Level 17.0 Spellcasting
 + Level 10.1 Conjurations
 - Level 1.1 Summonings
 - Level 1.1 Translocations
 + Level 0.1 Ice Magic
 - Level 2.0 Air Magic
 - Level 2.0 Alchemy
 - Level 1.2 Evocations


You had 32 spell levels left.
You knew the following spells:

 Your Spells              Type           Power      Damage    Failure   Level
a - Magic Dart            Conj           100%       1d8       1%          1
b - Mephitic Cloud        Conj/Alch/Air  42%        N/A       1%          3
c - Call Imp              Summ           50%        N/A       1%          2
d - Blink                 Tloc           50%        N/A       1%          2
e - Fulminant Prism       Conj/Alch      24%        3d12      1%          4

Your spell library contained the following spells:

 Spells                   Type           Power      Damage    Failure   Level
 Shock                    Conj/Air       100%       1d9       1%          1
 Slow                     Hex            80%        N/A       1%          1
 Cigotuvi's Dreadful Rot  Necr/Alch/Air  52%        N/A       1%          2
 Searing Ray              Conj           100%       2d8       1%          2
 Sublimation of Blood     Necr           20%        N/A       1%          2
 Summon Hydra             Summ           12%        N/A       99%         7


Dungeon Overview and Level Annotations

Branches:
Dungeon (11/15)            Temple (1/1) D:7            Lair (0/5) D:9
  Sewer (visited)         Gauntlet (1/1)
    Orc: D:9-12

Altars:
Ashenzari
Cheibriados
Dithmenos
Elyvilon
Fedhas
Gozag
Hepliaklqana
Kikubaaqudgha
Makhleb
Nemelex Xobeh
Okawaru
Qazlal
Ru
Sif Muna
Trog
Uskayaw
Vehumet
Wu Jian
Xom
Yredelemnul
Zin
The Shining One

Shops:
D:4 !   D:10 :

Annotations:
Gauntlet 10 transporters, exclusion: ice statue


Message History

The hell hound barely misses itself.
You start resting.
HP restored.
The hell hound barks!
A minotaur comes into view. It is wielding a +0 sling.
Press: ? - help, v - describe, . - travel
Here: a minotaur, wielding a +0 sling, wearing a +0 chain mail, wearing a ring of resist corrosion and quivering javelins (wandering, hasn't noticed you)
The floor.
Unknown command.
Unknown command.
Casting: Blink (safe; 1% risk of failure)
Confirm with . or Enter, or press ? or * to list all spells.
Aiming: Magic Dart (safe; 1% risk of failure)
Press: ? - help, Shift-Dir - straight line, f - minotaur
Aim: a minotaur, wielding a +0 sling, wearing a +0 chain mail, wearing a ring of resist corrosion and quivering javelins (wandering, hasn't noticed you, 100% to hit)
Okay, then.
Unknown command.
Aiming: Polymorph
Press: ? - help, Shift-Dir - straight line, f - minotaur
Aim: a minotaur, wielding a +0 sling, wearing a +0 chain mail, wearing a ring of resist corrosion and quivering javelins (wandering, hasn't noticed you, will become a tyrant leech, a red draconian, or an eleionoma, chance to affect: 2%)
Okay, then.
Unknown command.
Unknown command.
Aiming: Paralyse
Press: ? - help, Shift-Dir - straight line, f - minotaur
Aim: a minotaur, wielding a +0 sling, wearing a +0 chain mail, wearing a ring of resist corrosion and quivering javelins (wandering, hasn't noticed you, chance to affect: 2%)
The minotaur bellows!
The minotaur resists with almost no effort.
The minotaur shoots a sling bullet.
The sling bullet completely misses you.
Casting: Magic Dart (safe; 1% risk of failure)
Confirm with . or Enter, or press ? or * to list all spells.
Aiming: Fulminant Prism (dangerous; 1% risk of failure)
Press: ? - help, Dir - move target, p - minotaur You conjure a prism of explosive energy!
A fulminant prism comes into view.
The minotaur shoots a sling bullet.
The sling bullet hits you!
The minotaur shoots a sling bullet.
The sling bullet hits you!!
Your fulminant prism crackles loudly.
The minotaur shoots a sling bullet.
The sling bullet hits you!!
You die...

#..#...#..#..#
#.....P...#..#≈ß≈#
#....©....#..#...#
#......P..####.ß.#
#.P#...#P.#©.....##
#.........####.ß... #
#..[ss.$..#..#...## #.#
###########..#.ß.# ..
............≈#..@##.# .
............∩#.ß....# '.
............§#...##.##H#
###########§.#.ß.# ..
#....©)..h#..#.*.##.##.#
#.h○.....E####.ß.H..# #
#.#######R#©.....##.#
#.#E#°#.#.####.ß.# ..
#...○©☼○○.#..#...# ##


You could see a minotaur (ally target), an efreet, a fire elemental, a hell
hound and a friendly fulminant prism.

Vanquished Creatures
  3 two-headed ogres
  A worldbinder (Gauntlet)
  Maurice (D:9)
  An unseen horror (D:10)
  4 komodo dragons
  A kobold demonologist (D:7)
  A troll (D:11)
  3 hornets
  15 yaks
  2 vampires (D:10)
  2 wraiths (D:9)
  A basilisk (D:9)
  A steam dragon (D:9)
  4 water moccasins
  A hell hound (Gauntlet)
  A black bear (D:5)
  4 orc warriors
  A sky beast (D:8)
  An ice beast (D:7)
  2 boggarts (Gauntlet)
  3 ogres
  2 centaurs
  A phantom (D:5)
  2 kobold brigands
  3 bullfrogs
  A gnoll sergeant (D:11)
  3 scorpions
  3 wights (D:10)
  15 killer bees
  2 howler monkeys
  2 bombardier beetles
  3 jellies
  4 hounds
  2 quasits (Sewer)
  6 orc priests
  3 iguanas (D:7)
  4 sleepcaps
  4 orc wizards
  6 adders
  8 gnolls
  5 shadow imps
  3 ufetubi
  A ribbon worm (D:4)
  A dart slug (D:3)
  29 orcs
  12 ball pythons
  2 bat zombies (Sewer)
  10 endoplasms
  9 giant cockroaches
  9 goblins
  6 hobgoblins
  A jackal (D:3)
  27 kobolds
  7 quokkas
  2 bats (D:2)
  2 frilled lizards
  2 kobold zombies (Sewer)
  5 rats
  4 fulminant prisms
264 creatures vanquished.

Vanquished Creatures (collateral kills)
  Grinder (Sewer)
  A giant cockroach (Sewer)
2 creatures vanquished.

Vanquished Creatures (others)
  A kobold brigand (Sewer)
  An endoplasm (Sewer)
  A giant cockroach zombie (Sewer)
  72 fulminant prisms
75 creatures vanquished.

Grand Total: 341 creatures vanquished

Notes
Turn   | Place    | Note
-------+----------+-------------------------------------------
     0 | D:1      | pokeman the Deep Elf Hedge Wizard began the quest for the
                  | Orb.
     0 | D:1      | Reached XP level 1. HP: 10/10 MP: 7/7
   333 | D:1      | Reached XP level 2. HP: 16/16 MP: 5/9
  1008 | D:2      | Reached skill level 5 in Spellcasting
  1290 | D:2      | Reached XP level 3. HP: 20/20 MP: 6/11
  1294 | D:2      | Learned a level 3 spell: Mephitic Cloud
  1297 | D:2      | Learned a level 2 spell: Call Imp
  1300 | D:2      | Learned a level 2 spell: Blink
  1380 | D:2      | Reached skill level 1 in Fighting
  1475 | D:2      | Reached skill level 1 in Armour
  2039 | D:2      | Reached XP level 4. HP: 25/25 MP: 9/13
  2478 | D:3      | Found a glowing drain.
  2622 | Sewer    | Entered a sewer
  2737 | Sewer    | Reached skill level 6 in Spellcasting
  2867 | Sewer    | Reached XP level 5. HP: 24/29 MP: 6/15
  2998 | Sewer    | Found a burning altar of Makhleb.
  3011 | Sewer    | Reached skill level 1 in Shields
  3141 | Sewer    | Noticed Grinder
  3202 | Sewer    | Killed Grinder
  3203 | Sewer    | Reached skill level 7 in Spellcasting
  3203 | Sewer    | Reached skill level 1 in Air Magic
  3203 | Sewer    | Reached skill level 1 in Alchemy
  3203 | Sewer    | Reached XP level 6. HP: 34/34 MP: 1/18
  3795 | D:3      | Found a snail-covered altar of Cheibriados.
  4557 | D:4      | Reached XP level 7. HP: 38/38 MP: 14/20
  4679 | D:4      | Reached skill level 8 in Spellcasting
  5000 | D:4      | Found Murraseq's Distillery.
  5008 | D:4      | Bought a potion of curing for 33 gold pieces
  5008 | D:4      | Bought 2 potions of degeneration for 22 gold pieces
  5419 | D:5      | Entered Level 5 of the Dungeon
  5747 | D:5      | Reached skill level 9 in Spellcasting
  5833 | D:5      | Reached XP level 8. HP: 25/44 MP: 10/23
  6262 | D:5      | Reached skill level 5 in Conjurations
  6262 | D:5      | Reached skill level 1 in Evocations
  6725 | D:6      | Found a hide-covered altar of Uskayaw.
  6729 | D:6      | Noticed a +0 dagger
  6729 | D:6      | Noticed a +0 hand axe
  6802 | D:6      | Reached skill level 10 in Spellcasting
  7407 | D:6      | Found a stormy altar of Qazlal.
  7756 | D:7      | Noticed a green ugly thing
  7801 | D:7      | Reached skill level 11 in Spellcasting
  7867 | D:7      | Reached XP level 9. HP: 41/48 MP: 19/26
  8132 | D:7      | Noticed a kobold demonologist
  8286 | D:7      | Reached skill level 12 in Spellcasting
  8345 | D:7      | Found a staircase to the Ecumenical Temple.
  8366 | Temple   | Entered the Ecumenical Temple
  8451 | Temple   | Became a worshipper of Vehumet
  8861 | D:7      | Killed a kobold demonologist
  9149 | D:6      | Learned a level 4 spell: Fulminant Prism
  9675 | D:8      | Found an ornate altar of the Wu Jian Council.
 10912 | D:9      | Noticed Maurice
 10922 | D:9      | Killed Maurice
 10923 | D:9      | Reached skill level 13 in Spellcasting
 10943 | D:9      | Noticed a two-headed ogre
 11110 | D:8      | Reached XP level 10. HP: 41/55 MP: 19/29
 11250 | D:9      | Killed a two-headed ogre
 11470 | D:9      | Reached skill level 14 in Spellcasting
 11633 | D:9      | Noticed a two-headed ogre
 11660 | D:9      | Killed a two-headed ogre
 12186 | D:9      | Reached * piety under Vehumet
 12186 | D:9      | Offered knowledge of Kiss of Death by Vehumet.
 12193 | D:9      | Reached skill level 15 in Spellcasting
 12752 | D:9      | Found a staircase to the Lair.
 12790 | D:10     | Entered Level 10 of the Dungeon
 12826 | D:10     | Noticed a two-headed ogre
 12838 | D:10     | Reached XP level 11. HP: 62/62 MP: 22/32
 12853 | D:10     | Killed a two-headed ogre
 12854 | D:10     | Reached skill level 5 in Fighting
 12854 | D:10     | Reached skill level 16 in Spellcasting
 13059 | D:10     | Found an opulent altar of Gozag.
 13618 | D:10     | Reached ** piety under Vehumet
 13618 | D:10     | Offered knowledge of Shock by Vehumet.
 13749 | D:10     | Found Seczidob's Tremendous Tomes.
 14246 | D:11     | Found a gate leading to a gauntlet.
 14297 | Gauntlet | Entered a Gauntlet
 14297 | Gauntlet | Found a transporter.
 14297 | Gauntlet | Found a transporter.
 14306 | Gauntlet | Found a transporter.
 14317 | Gauntlet | Found a transporter.
 14335 | Gauntlet | Found a transporter.
 14348 | Gauntlet | Found a transporter.
 14358 | Gauntlet | Noticed a wolf spider
 14360 | Gauntlet | Noticed an entropy weaver
 14365 | Gauntlet | Found a transporter.
 14441 | Gauntlet | Found a transporter.
 14463 | Gauntlet | Found a transporter.
 14471 | Gauntlet | Found a transporter.
 14497 | Gauntlet | Found a transporter.
 14504 | Gauntlet | Found a transporter.
 14519 | Gauntlet | Found a transporter.
 14560 | Gauntlet | Found a transporter.
 14569 | Gauntlet | Found a transporter.
 14584 | Gauntlet | Found a transporter.
 14697 | Gauntlet | Noticed a goliath frog
 14702 | Gauntlet | Noticed an arcanist
 14705 | Gauntlet | Noticed a bog body
 14708 | Gauntlet | Noticed a bog body
 14710 | Gauntlet | Reached skill level 10 in Conjurations
 14825 | Gauntlet | Paralysed by a hornet for 2 turns
 14983 | Gauntlet | Identified the staff of Dominance {rElec rF++ rC+ rCorr
                  | Dex-3 Ice}
 15037 | Gauntlet | Identified the +0 pair of gloves of the Present {Str+5}
 15051 | Gauntlet | Reached skill level 17 in Spellcasting
 15186 | Gauntlet | Noticed a minotaur
 15195 | Gauntlet | Shot with a sling bullet by a minotaur

Illustrated notes

Levels and vault maps discovered:
D:1:      spicycebolla_arrival_xxxplode, layout_basic
D:2:      layout_basic
D:3:      layout_loops_corners, mainiacjoe_overflow_six_doors_small,
          gup_sewer_entry_pipe, serial_bayou_pond_b
D:4:      layout_basic, serial_shops, shop, minmay_diced_spiral
D:5:      layout_loops_ring, serial_glass, glass_columns_a, glass_columns_b,
          glass_columns_a, glass_columns_b, glass_columns_b, glass_columns_a,
          glass_columns_a, glass_columns_a
D:6:      corexii_shack_village, layout_basic, kennysheep_mini,
          dancing_weapons_uskayaw, chequers_serial_rivers_room_a
D:7:      minmay_clustersquares, layout_basic, temple_green
D:8:      layout_basic, pdpol_wu_jian_five_deadly_venoms
D:9:      layout_roguey, erik_lair_dragon, hangedman_decor_growths, uniq_maurice
D:10:     layout_loops_ring, nicolae_gozag_seed_capital, grunt_ministairs_12,
          nicolae_shop_i_like_big_books
D:11:     layout_roguey, gauntlet_entry_generic, grunt_ministairs_2,
          hangedman_decor_opposing
Temple:   minmay_crystal_spiral_temple
Gauntlet: gammafunk_gauntlet_branching [gammafunk_gauntlet_arena_split_x,
          gammafunk_gauntlet_arena_arrow_garden,
          nicolae_gauntlet_arena_quarters, nicolae_gauntlet_arena_flowing_pool,
          nicolae_gauntlet_arena_blocks, gammafunk_gauntlet_arena_crates,
          gammafunk_gauntlet_arena_teeth, gammafunk_gauntlet_arena_hedges,
          gauntlet_exit_watery]

Skill      XL: |  1  2  3  4  5  6  7  8  9 10 11 |
---------------+----------------------------------+-----
Spellcasting   | 5 6 7 9 11 13 15 17 | 17.0
Fighting       | 1 2 4 5 |  5.1
Armour         | 1 2 3 4 |  4.0
Conjurations   | 2 3 4 5 7 9 10 | 10.1
Dodging        | 3 |  3.0
Shields        | 1 2 3 |  3.0
Stealth        | 3 4 |  4.0
Air Magic      | 1 2 |  2.0
Alchemy        | 1 2 |  2.0
Evocations     | 1 |  1.2
Summonings     | |  1.1
Translocations | |  1.1
Ice Magic      | |  0.1

Action                     |  1- 3 |  4- 6 |  7- 9 | 10-12 || total
---------------------------+-------+-------+-------+-------++-------
  Melee: Dagger            |    11 |    52 |    86 |       ||   149
         Short sword       |       |       |    64 |    82 ||   146
   Cast: Magic Dart        |   105 |   152 |   192 |    31 ||   480
         Mephitic Cloud    |       |     4 |    23 |    31 ||    58
         Call Imp          |       |     3 |     5 |     4 ||    12
         Blink             |       |       |     1 |     3 ||     4
         Fulminant Prism   |       |       |    10 |    67 ||    77
  Evoke: Wand              |       |       |     4 |     2 ||     6
    Use: Scroll            |       |       |     1 |       ||     1
         Potion            |       |       |       |     1 ||     1
   Stab: Confused          |       |     2 |    17 |    11 ||    30
         Distracted        |       |     1 |       |       ||     1
 Armour: Robe              |    22 |    34 |    97 |    76 ||   229
  Dodge: Dodged            |    25 |    44 |   110 |    69 ||   248
  Block: Other             |       |       |    12 |    22 ||    34
         Reflection        |       |       |       |     5 ||     5

Table legend: (Time is in decaauts)
 A = Elapsed time spent in this place.
 B = Non-inter-level travel time spent in this place.
 C = Inter-level travel time spent in this place.
 D = Time resting spent in this place.
 E = Time spent auto-exploring this place.
 F = Levels seen in this place.
 G = Mean time per level.
                   A        B        C        D        E       F      G
               +--------+--------+--------+--------+--------+-----+--------+
         Total |  15214 |  14124 |   1090 |    719 |  10725 |  14 | 1086.7 |
       Dungeon |  13217 |  12295 |    922 |    592 |   9788 |  11 | 1201.5 |
        Temple |    170 |      2 |    168 |      0 |      0 |   1 |  170.0 |
         Sewer |    926 |    926 |      0 |      2 |    698 |   1 |  926.0 |
      Gauntlet |    900 |    900 |      0 |    125 |    238 |   1 |  900.0 |
               +--------+--------+--------+--------+--------+-----+--------+

Top non-repeatable levels by time:
     D:7: 1979 daAuts
     D:9: 1744 daAuts
     D:8: 1455 daAuts
     D:3: 1427 daAuts
    D:10: 1331 daAuts
     D:2: 1213 daAuts
     D:6: 1173 daAuts
     D:1: 996 daAuts
     D:5: 972 daAuts
   Sewer: 926 daAuts
Gauntlet: 900 daAuts
     D:4: 872 daAuts
  Temple: 170 daAuts
    D:11: 50 daAuts
